 Dungeon Crawl Stone Soup version 0.28-a0-655-g4eb62b627b (webtiles) character file.

Game seed: 2803547355149747321

120 lawman0 the Covert (level 4, -4/23 HPs)
             Began as a Spriggan Delver on Oct 13, 2021.
             Was an Initiate of Fedhas.
             Slain by a gnoll shaman (8 damage)
             ... on level 6 of the Dungeon.
             The game lasted 00:05:01 (1802 turns).

lawman0 the Covert (Spriggan Delver)                Turns: 1802, Time: 00:05:02

Health: -4/23      AC:  2    Str:  8    XL:     4   Next: 75%
Magic:  5/5        EV: 18    Int: 12    God:    Fedhas [......]
Gold:   23         SH:  0    Dex: 16    Spells: 3/3 levels left

rFire   . . .      SeeInvis +   a - +0 short sword
rCold   . . .      Faith    .   (shield restricted)
rNeg    . . .      Spirit   .   b - +0 robe
rPois   .          Reflect  .   (helmet restricted)
rElec   .          Harm     .   (no cloak)
rCorr   .          Rampage  .   (gloves unavailable)
Will    .....                   (boots unavailable)
Stlth   ++++......              j - amulet of magic regeneration
HPRegen 0.07/turn               l - ring of wizardry
MPRegen 0.34/turn               (no ring)

@: very quick
A: very small, no large weapons, unfitting armour, see invisible, speed 3
a: Renounce Religion


You were on level 6 of the Dungeon.
You worshipped Fedhas.
Fedhas was noncommittal.
You visited 2 branches of the dungeon, and saw 4 of its levels.

You collected 23 gold pieces.

Inventory:

Hand Weapons
 a - a +0 short sword (weapon)
Armour
 b - a +0 robe (worn)
Jewellery
 j - an amulet of magic regeneration (around neck)
 l - a ring of wizardry (left hand)
Wands
 g - a wand of digging (2)
 i - a wand of polymorph (11)
Scrolls
 c - 2 scrolls of fog
 d - a scroll of identify {unknown}
 e - a scroll of fear
 m - a scroll of noise {unknown}
Potions
 f - 2 potions of haste
 h - a potion of heal wounds {unknown}
 k - a potion of curing {unknown}
 n - a potion of mutation {unknown}


   Skills:
 + Level 2.8 Fighting
 + Level 2.7 Short Blades
 + Level 3.6 Dodging
 + Level 9.2 Stealth


You had 3 spell levels left.
You didn't know any spells.
Your spell library was empty.

Dungeon Overview and Level Annotations

Branches:
Dungeon (6/15)             Temple (1/1) D:6

Altars:
Ashenzari
Cheibriados
Dithmenos
Fedhas
Gozag
Hepliaklqana
Kikubaaqudgha
Makhleb
Nemelex Xobeh
Qazlal
Sif Muna
Trog
Vehumet
Wu Jian
Xom
Yredelemnul
Zin

Shops:
D:5 [

Annotations:
D:5 3 runed translucent doors, Pikel


Innate Abilities, Weirdness & Mutations

You are very small and have problems with some larger weapons.
You are too small for most types of armour.
You have supernaturally acute eyesight. (SInv)
You cover ground extremely quickly. (Speed+++)


Message History

The gnoll hits you with a +0 whip!
Unknown command.
You are too injured to fight recklessly!
You hit the gnoll.
The gnoll is severely wounded.
The gnoll barely misses you.
You are too injured to fight recklessly!
You hit the gnoll.
The gnoll is almost dead.
The gnoll closely misses you.
You hit the gnoll.
You kill the gnoll!
Fedhas appreciates your contribution to the ecosystem.
You are too injured to fight recklessly!
You barely miss the gnoll shaman. The gnoll shaman barely misses you.
Unknown command.
You hit the gnoll shaman but do no damage.
The gnoll shaman misses you.
You are too injured to fight recklessly!
Unknown command.
You hit the gnoll shaman.
The gnoll shaman is moderately wounded.
The gnoll shaman calls upon its god to speed up the gnoll.
The gnoll seems to speed up.
You are too injured to fight recklessly!
You hit the gnoll shaman.
The gnoll shaman is moderately wounded.
The gnoll shaman closely misses you.
You are too injured to fight recklessly!
You closely miss the gnoll shaman.
The gnoll shaman is moderately wounded.
The gnoll shaman hits you with a +0 club.
* * * LOW HITPOINT WARNING * * *
Unknown command.
You are too injured to fight recklessly!
You barely miss the gnoll shaman.
The gnoll shaman is moderately wounded.
The gnoll shaman hits you with a +0 club!
You die...
Fedhas appreciates your contribution to the ecosystem. .... #..... #.........# ...... +.........+ ##..... ......... ...#.# ....... ...<.# ..... ..#.# ggg

..#.# #g# ..#.# #@#
≈.#.# #.# ≈.#.# ##.##
≈.#.# ##...## ≈.#.#
#.....# ..#.####
##...##
.......#########.##
..#....).......#.####.#
..####.#######........#


You could see a gnoll shaman and 3 gnolls.

Vanquished Creatures
  A water moccasin skeleton (D:5)
  2 centaur skeletons
  A gnoll (D:6)
  A giant cockroach (D:4)
  A hobgoblin (D:4)
  A kobold (D:4)
  A ball python (D:4)
8 creatures vanquished.

Notes
Turn   | Place    | Note
-------+----------+-------------------------------------------
     0 | D:5      | lawman0 the Spriggan Delver began the quest for the Orb.
     0 | D:5      | Reached XP level 1. HP: 11/11 MP: 2/2
     7 | D:5      | Noticed an ice beast
     7 | D:5      | Noticed an orc wizard
     7 | D:5      | Noticed a hound
    29 | D:5      | Reached skill level 8 in Stealth
    29 | D:5      | Reached XP level 2. HP: 6/16 MP: 3/3
   218 | D:5      | Noticed a lemure
   218 | D:5      | Noticed a lemure
   219 | D:5      | Noticed Pikel
   220 | D:5      | Noticed a lemure
   258 | D:5      | Reached XP level 3. HP: 7/19 MP: 4/4
   258 | D:5      | Reached XP level 4. HP: 9/23 MP: 5/5
   305 | D:5      | Found Acai's Antique Armour Shoppe.
   328 | D:5      | Found a runed translucent gate.
   328 | D:5      | Found a runed translucent gate.
   328 | D:5      | Found a runed translucent gate.
   332 | D:5      | Noticed a yak
   332 | D:5      | Noticed a yak
   333 | D:5      | Noticed a yak
   333 | D:5      | Noticed a yak
   580 | D:4      | Reached skill level 9 in Stealth
   803 | D:4      | Found a hazy altar of Hepliaklqana.
   822 | D:4      | You fall into a shaft and drop 1 floor!
  1035 | D:4      | sick
  1239 | D:4      | Noticed a centaur
  1546 | D:6      | Found a staircase to the Ecumenical Temple.
  1577 | Temple   | Entered the Ecumenical Temple
  1747 | Temple   | Became a worshipper of Fedhas Madash
  1802 | D:6      | Slain by a gnoll shaman

Illustrated notes

#.#.#
#.#.# ##
#>.#
#.###(#
#.#..#
#...#
######..#
........#
.......@#
.#####.##
#. #. ..
#. #. #.


Turn 1035 on D:4: sick

Levels and vault maps discovered:
D:4:      layout_loops_ring, mainiacjoe_overflow_boulevard
D:5:      layout_basic, gammafunk_ghost_necromancy, serial_shops, shop, shop,
          minmay_circle_x, uniq_pikel
D:6:      layout_loops_corners, lemuel_doored_altar, nicolae_uskayaw_suspiria,
          temple_pool_b, uniq_edmund
Temple:   nicolae_temple_elliptical

Skill      XL: |  1  2  3  4 |
---------------+-------------+-----
Dodging        | 3 |  3.6
Stealth        | 8 9 |  9.2
Fighting       | |  2.8
Short Blades   | |  2.7

Action                   |  1- 3 |  4- 6 || total
-------------------------+-------+-------++-------
Melee: Short sword       |    22 |    35 ||    57
Evoke: Wand              |       |     1 ||     1
  Use: Scroll            |     1 |       ||     1
 Stab: Sleeping          |     1 |     1 ||     2
Armor: Robe              |     4 |     1 ||     5
Dodge: Dodged            |    29 |    37 ||    66

Table legend: (Time is in decaauts)
 A = Elapsed time spent in this place.
 B = Non-inter-level travel time spent in this place.
 C = Inter-level travel time spent in this place.
 D = Time resting spent in this place.
 E = Time spent auto-exploring this place.
 F = Levels seen in this place.
 G = Mean time per level.
                   A        B        C        D        E       F      G
               +--------+--------+--------+--------+--------+-----+--------+
         Total |   1309 |   1273 |     36 |    358 |    409 |   4 |  327.2 |
       Dungeon |   1200 |   1171 |     29 |    358 |    343 |   3 |  400.0 |
        Temple |    109 |    103 |      6 |      0 |     66 |   1 |  109.0 |
               +--------+--------+--------+--------+--------+-----+--------+

Top non-repeatable levels by time:
     D:4: 749 daAuts
     D:5: 393 daAuts
  Temple: 109 daAuts
     D:6: 56 daAuts
